 Dungeon Crawl Stone Soup version 0.25-b1-46-gb8a1ec05df (webtiles) character file.

Game seed: 13945409516471709886

141285 Doot the Eclecticist (level 16, -8/99 (101) HPs)
             Began as a Demonspawn Venom Mage on June 9, 2020.
             Was the Champion of Kikubaaqudgha.
             Killed from afar by a thorn hunter (38 damage)
             ... with a volley of thorns
             ... on level 4 of the Swamp on June 10, 2020.
             The game lasted 01:55:24 (39266 turns).

Doot the Eclecticist (Demonspawn Venom Mage)       Turns: 39266, Time: 01:55:25

HP:   -8/99 (101)   AC: 15    Str: 17    XL:     16   Next: 77%
MP:   26/37         EV:  9    Int: 30    God:    Kikubaaqudgha [******]
Gold: 2616          SH:  8    Dex: 15    Spells: 17/49 levels left

rFire    . . .     SeeInvis .   t - staff of wizardry
rCold    + . .     Gourm    .   R - +0 kite shield
rNeg     . . .     Faith    .   e - +1 scale mail {rC+}
rPois    .         Spirit   .   S - +1 hat
rElec    .         Reflect  .   V - scarf {harm}
rCorr    .         Harm     +   j - +2 pair of gloves of Cocytus {*Corrode Int+8 Dex+2}
MR       ++...                  p - +1 pair of boots of Objectivity {Harm}
Stlth    +++.......             N - amulet of magic regeneration
HPRegen  0.26/turn              a - ring of Ozegat {MR+ Str+6}
MPRegen  0.50/turn              J - +4 ring of protection

@: corroded, lightly drained
A: horns 2, yellow scales 1, nightstalker 2, spiny 3
a: Receive Corpses, Torment, Renounce Religion


You were on level 4 of the Swamp.
You worshipped Kikubaaqudgha.
Kikubaaqudgha was exalted by your worship.
You were not hungry.

You visited 5 branches of the dungeon, and saw 28 of its levels.
You also visited: Bailey, Ice Cave and Volcano.

You collected 3396 gold pieces.
You spent 780 gold pieces at shops.

Inventory:

Armour
 e - a +1 scale mail of cold resistance (worn)
 j - the +2 pair of gloves of Cocytus (worn) {*Corrode Int+8 Dex+2}
   (You found it on level 13 of the Dungeon)

   It affects your intelligence (+8).
   It affects your dexterity (+2).
   It may corrode you when you take damage.
 p - the +1 pair of boots of Objectivity (worn) {Harm}
   (You acquired it on level 10 of the Dungeon)

   It increases damage dealt and taken.
 y - a +3 chain mail of cold resistance
 R - a +0 kite shield (worn)
 S - a +1 hat (worn)
 V - a scarf of harm (worn)
 Y - a +1 ring mail of fire resistance
Magical Staves
 t - an uncursed staff of wizardry (weapon)
Jewellery
 a - the ring of Ozegat (left hand) {MR+ Str+6}
   (You acquired it on level 9 of the Dungeon)

   [ring of strength]

   It affects your strength (+6).
   It affects your resistance to hostile enchantments.
 f - an uncursed amulet of regeneration {unknown}
 i - an uncursed ring of positive energy
 r - an uncursed ring of wizardry
 G - an uncursed ring of resist corrosion {unknown}
 J - a +4 ring of protection (right hand)
 M - an uncursed amulet of the acrobat {unknown}
 N - an amulet of magic regeneration (around neck)
 U - an uncursed amulet of the acrobat {unknown}
 X - an uncursed amulet of faith {unknown}
Wands
 B - a wand of clouds (4)
 E - a wand of acid (7)
 F - a wand of digging (8)
 T - a wand of iceblast (11)
 W - a wand of disintegration (39)
Scrolls
 b - 5 scrolls of amnesia
 d - 16 scrolls of remove curse
 k - 3 scrolls of blinking
 l - 3 scrolls of enchant weapon
 n - 9 scrolls of teleportation
 o - 7 scrolls of fear
 q - 2 scrolls of immolation {unknown}
 s - 8 scrolls of enchant armour
 z - 7 scrolls of magic mapping
 C - 4 scrolls of fog
 L - a scroll of summoning
 Q - 2 scrolls of torment {unknown}
Potions
 g - 2 potions of lignification {unknown}
 h - 15 potions of curing
 m - 4 potions of mutation
 u - 6 potions of haste
 v - 6 potions of brilliance
 x - 2 potions of stabbing {unknown}
 A - a potion of degeneration {unknown}
 D - a potion of flight
 H - 4 potions of resistance
 I - 4 potions of heal wounds
 K - 4 potions of might
 O - 2 potions of berserk rage {unknown}
 P - 4 potions of ambrosia
 Z - 3 potions of cancellation {unknown}
Miscellaneous
 w - a tin of tremorstones (3/3)
Comestibles
 c - 33 rations


   Skills:
 + Level 2.0(1.8) Fighting
   Level 1.0(0.8) Short Blades
 + Level 0.3(0.1) Staves
 + Level 2.5(2.3) Armour
 + Level 4.2(4.0) Dodging
 + Level 3.7(3.5) Stealth
 + Level 2.3(2.1) Shields
 + Level 17.2(16.9) Spellcasting
 + Level 4.5(4.2) Conjurations
 * Level 13.4(13.1) Necromancy
 + Level 7.9(7.7) Transmutations
 + Level 6.9(6.7) Fire Magic
 + Level 4.2(4.0) Air Magic
 + Level 1.8(1.6) Earth Magic
 + Level 13.8(13.6) Poison Magic
 + Level 0.3(0.1) Evocations


You had 17 spell levels left.
You knew the following spells:

 Your Spells              Type           Power        Failure   Level  Hunger
a - Sting                 Tmut/Pois      ####         1%          1    None
b - Poisonous Vapours     Pois/Air       ######       1%          2    None
c - Ignite Poison         Fire/Tmut/Pois ######..     1%          3    None
d - Mephitic Cloud        Conj/Pois/Air  ######..     1%          3    None
e - Animate Skeleton      Necr           N/A          1%          1    None
f - Olgreb's Toxic Radia  Pois           #######.     1%          4    None
g - Animate Dead          Necr           N/A          1%          4    None
h - Dispel Undead         Necr           #######.     1%          4    None
i - Stone Arrow           Conj/Erth      #####.       11%         3    None
j - Haunt                 Necr/Summ      ######....   99%         7    ####...

Your spell library contained the following spells:

 Spells                   Type           Power        Failure   Level  Hunger
 Pain                     Necr           ####         1%          1    None
 Sublimation of Blood     Necr           #######...   1%          2    None
 Vampiric Draining        Necr           #######...   1%          3    None
 Agony                    Necr           #######.     1%          5    None
 Passwall                 Tmut/Erth      ######..     2%          2    None
 Conjure Flame            Conj/Fire      ######..     4%          3    None
 Sandblast                Erth           #####.       6%          1    None
 Death Channel            Necr           #######...   9%          6    ##.....
 Apportation              Tloc           ####..       12%         1    None
 Corona                   Hex            ####...      12%         1    None
 Summon Small Mammal      Summ           ####         12%         1    None
 Dazzling Flash           Conj/Hex       #####.       16%         3    None
 Petrify                  Tmut/Erth      ######..     17%         4    None
 Ensorcelled Hibernation  Hex/Ice        ####..       19%         2    None
 Excruciating Wounds      Chrm/Necr      ######....   22%         5    None
 Ice Form                 Ice/Tmut       #####...     24%         4    None
 Confusing Touch          Hex            ####....     34%         3    None
 Tukima's Dance           Hex            ####....     34%         3    None
 Simulacrum               Ice/Necr       ######....   75%         6    ##.....
 Lee's Rapid Deconstruct  Erth           #####.....   83%         5    None
 Metabolic Englaciation   Hex/Ice        ####......   96%         5    None
 Borgnjor's Revivificati  Necr           #######...   96%         8    ######.
 Infestation              Necr           #######...   96%         8    ######.
 Freezing Cloud           Conj/Ice/Air   #####.....   99%         6    ##.....
 Ozocubu's Refrigeration  Ice            ####......   100%        6    ##.....
 Ring of Flames           Chrm/Fire      #####.....   100%        7    ####...
 Death's Door             Chrm/Necr      ######....   100%        8    ######.
 Necromutation            Tmut/Necr      ######....   100%        8    ######.


Dungeon Overview and Level Annotations

Branches:
Dungeon (15/15)            Temple (1/1) D:5            Lair (6/6) D:11
  Swamp (4/4) Lair:2        Snake (0/4) Lair:2        Slime (0/5) Lair:5
    Orc (2/2) D:10            Elf (0/3) Orc:2        Vaults (0/5) D:13
 Depths (0/5) D:15         Bailey (visited)           IceCv (visited)
Volcano (visited)

Altars:
Ashenzari
Cheibriados
Dithmenos
Elyvilon
Fedhas
Gozag
Hepliaklqana
Kikubaaqudgha
Makhleb
Nemelex Xobeh
Okawaru
Qazlal
Ru
Sif Muna
Trog
Uskayaw
Vehumet
Wu Jian
Xom
Yredelemnul
Zin
The Shining One
Beogh
Lugonu

Shops:
D:7 (   D:9 ?   D:10 !   D:15 =   Orc:2 *!!*=

Annotations:
D:8 2 transporters
Lair:5 exclusion: 3 oklob plants


Innate Abilities, Weirdness & Mutations

You have a pair of horns on your head.
You are partially covered in yellow scales. (AC +2)
You are significantly more attuned to the shadows.
You are completely covered in sharp spines.


Message History

Aiming: Stone Arrow (dangerous; 11% risk of failure)
Press: ? - help, Shift-Dir - straight line, f/p - thorn hunter
Aim: a thorn hunter (flame, moderately damaged)
The stone arrow misses the thorn hunter.
The thorn hunter is engulfed in blazing flames.
You enter the shallow water.
Moving in this stuff is going to be slow.
The thorn hunter fires a volley of thorns at you.
The volley of thorns hits you!!
Your corrosive artefact corrodes you!
The thorn hunter gestures.
The thorn hunter hits you!
* * * LOW HITPOINT WARNING * * *
The thorn hunter hits you but does no damage.
Unknown command.
Unknown command.
There is a stone staircase leading up, spattered with blood here.
The thorn hunter fires a volley of thorns at you.
The volley of thorns hits you!!
You die...
Kikubaaqudgha rasps: "You have failed me!
Welcome... death!"

♣♣♣♣♣♣
♣@...♣♣
♣♣f.≈§♣
♣≈○○°≈≈.
♣≈.§°≈≈≈.
≈≈≈≈○§≈§..
≈≈≈≈≈☼○....
≈≈≈≈≈≈≈≈...


You could see a thorn hunter.

Vanquished Creatures
  Rupert (Lair:3)
  Jorgrun (Swamp:1)
  2 thorn hunters
  A very ugly thing (Swamp:2)
  A white draconian (IceCv)
  An ettin (Orc:1)
  Snorg (D:12)
  Josephine (D:11)
  Fannar (Lair:3)
  4 vault guards (D:13)
  A rakshasa (D:15)
  9 hydras
  A ghost crab (Swamp:3)
  2 centaur warriors (D:13)
  14 two-headed ogres
  A death knight (D:13)
  A catoblepas (D:14)
  10 alligators
  3 ogre magi
  9 death yaks
  A tengu warrior (D:13)
  5 skeletal warriors (D:15)
  2 deep trolls (Orc:2)
  A phantasmal warrior (D:13)
  4 unseen horrors (D:12)
  2 orc knights (Bailey)
  A wolf spider zombie (D:13)
  3 lindwurms
  2 ugly things
  3 orc sorcerers (Orc:2)
  4 deep elf magi
  2 manticores
  A wolf spider (D:15)
  3 salamanders (Volcano)
  A cyclops (shapeshifter) (D:15)
  11 elephants
  8 cyclopes
  4 centaur zombies
  An ice statue (IceCv)
  A black mamba (Lair:6)
  A guardian serpent (D:9)
  A naga mage (D:15)
  6 torpor snails
  2 gargoyles (D:14)
  9 spiny frogs
  4 kobold demonologists (D:13)
  2 rime drakes
  A yaktaur (D:13)
  A freezing wraith (D:13)
  5 komodo dragons
  11 trolls
  A harpy zombie (D:15)
  6 meliai
  19 polar bears
  10 tyrant leeches
  11 blink frogs
  13 slime creatures
  7 bog bodies
  15 hornets
  6 hippogriffs
  8 spriggans
  A shadow (Swamp:2)
  A vampire (D:14)
  3 wyverns
  8 wraiths
  6 fire bats (Volcano)
  Grum (D:11)
  5 basilisks
  56 yaks
  2 hungry ghosts
  A steam dragon (D:14)
  10 vampire mosquitoes
  Menkaure (D:6)
  5 wargs
  12 water moccasins
  8 swamp worms
  2 hell hounds (Lair:6)
  An acid dragon (D:13)
  3 porcupines
  6 swamp drakes
  3 ice beasts
  22 orc warriors
  2 sky beasts
  4 necrophages
  An eye of draining (D:13)
  8 black bears (Lair:6)
  3 phantoms
  22 wolves
  11 centaurs
  24 ogres
  8 crocodiles
  2 big kobolds
  11 bullfrogs
  A wyvern zombie (D:15)
  A wyvern skeleton (D:14)
  2 scorpions
  18 killer bees
  4 crimson imps
  A bullfrog zombie (D:13)
  6 lava snakes (Volcano)
  A bullfrog skeleton (D:11)
  15 orc priests
  8 centaur skeletons
  5 hounds
  22 orc wizards
  2 quasits
  21 jellies
  2 iguanas
  5 worker ants
  Terence (D:3)
  A hound zombie (D:9)
  2 hound skeletons (D:5)
  4 worker ant zombies
  4 gnolls
  15 adders
  4 shadow imps
  2 oozes
  3 worms
  3 adder skeletons
  5 leopard geckos
  89 orcs
  A ball python (D:1)
  14 bats
  5 giant cockroaches
  10 goblins
  5 hobgoblins
  13 jackals
  6 quokkas
  3 frilled lizards
  11 kobolds
  A quokka skeleton (D:4)
  5 rats
  2 plants (Lair:6)
840 creatures vanquished.

Vanquished Creatures (collateral kills)
  A shambling mangrove (Swamp:1)
  A hydra (Swamp:3)
  A centaur warrior (D:15)
  A ghost crab (Swamp:2)
  An alligator (Swamp:1)
  3 elephants
  A guardian serpent (Lair:2)
  3 spiny frogs (Lair:3)
  A komodo dragon (Lair:3)
  A troll (Orc:1)
  A polar bear (Lair:3)
  2 blink frogs
  2 slime creatures (Swamp:2)
  A yak (D:13)
  A swamp worm (Swamp:2)
  A warg (Lair:6)
  2 hell hounds (Lair:6)
  3 water moccasins
  An orc warrior (Bailey)
  A necrophage (D:12)
  A wolf (Lair:3)
  3 jellies
  A fungus (Lair:2)
34 creatures vanquished.

Vanquished Creatures (others)
  A human (D:4)
  2 briar patches (Swamp:1)
  2 demonic plants (D:13)
  3 fungi
  34 plants
42 creatures vanquished.

Grand Total: 916 creatures vanquished

Notes
Turn   | Place    | Note
-------+----------+-------------------------------------------
     0 | D:1      | Doot the Demonspawn Venom Mage began the quest for the Orb.
     0 | D:1      | Reached XP level 1. HP: 13/13 MP: 3/3
   143 | D:1      | Reached skill level 1 in Transmutations
   166 | D:1      | Gained mutation: You are partially covered in sharp spines.
                  | [demonic ancestry]
   166 | D:1      | Reached XP level 2. HP: 19/19 MP: 1/5
   307 | D:1      | Learned a level 2 spell: Poisonous Vapours
   678 | D:2      | Found a sparkling altar of Nemelex Xobeh.
   804 | D:2      | Reached XP level 3. HP: 24/24 MP: 3/6
   809 | D:2      | Learned a level 3 spell: Ignite Poison
  1021 | D:3      | Reached skill level 1 in Air Magic
  1049 | D:3      | Noticed Terence
  1474 | D:2      | Reached XP level 4. HP: 24/30 MP: 5/7
  1764 | D:3      | Found a blossoming altar of Fedhas.
  1770 | D:3      | Found a stormy altar of Qazlal.
  1930 | D:3      | Killed Terence
  2096 | D:4      | Reached skill level 3 in Spellcasting
  2096 | D:4      | Gained mutation: You are mostly covered in sharp spines.
                  | [demonic ancestry]
  2096 | D:4      | Reached XP level 5. HP: 13/35 MP: 0/9
  2302 | D:4      | Reached skill level 1 in Fighting
  2478 | D:4      | Found an ancient bone altar of Kikubaaqudgha.
  2486 | D:4      | Found a white marble altar of Elyvilon.
  2514 | D:4      | Noticed a human
  2516 | D:4      | Killed a human
  2562 | D:4      | Became a worshipper of Kikubaaqudgha
  2846 | D:4      | Gained mutation: You have a pair of small horns on your
                  | head. [demonic ancestry]
  2846 | D:4      | Reached XP level 6. HP: 43/43 MP: 3/11
  2853 | D:4      | Learned a level 3 spell: Mephitic Cloud
  2978 | D:4      | Found a glowing silver altar of Zin.
  3060 | D:4      | Found a radiant altar of Vehumet.
  3225 | D:4      | Found a basalt altar of Yredelemnul.
  4598 | D:1      | Reached * piety under Kikubaaqudgha
  4598 | D:1      | Identified Kikubaaqudgha's Handbook of Unholy Secrets
                  | (Kikubaaqudgha gifted it to you on level 1 of the Dungeon)
  4598 | D:1      | Received a gift from Kikubaaqudgha
  4602 | D:1      | Learned a level 1 spell: Animate Skeleton
  5108 | D:5      | Entered Level 5 of the Dungeon
  5111 | D:5      | Reached skill level 4 in Spellcasting
  5335 | D:5      | Gained mutation: You are partially covered in yellow
                  | scales. (AC +2) [demonic ancestry]
  5335 | D:5      | Reached XP level 7. HP: 27/48 MP: 3/13
  5495 | D:5      | Found a staircase to the Ecumenical Temple.
  5552 | Temple   | Entered the Ecumenical Temple
  5707 | D:5      | Reached skill level 5 in Spellcasting
  5993 | D:5      | Found an ornate altar of the Wu Jian Council.
  6037 | D:5      | Found a shattered altar of Ashenzari.
  6037 | D:5      | Found a bloodstained altar of Trog.
  6355 | D:5      | Learned a level 4 spell: Olgreb's Toxic Radiance
  6498 | D:5      | Reached skill level 5 in Poison Magic
  6584 | D:6      | Reached skill level 1 in Short Blades
  6584 | D:6      | Reached XP level 8. HP: 53/53 MP: 8/16
  6781 | D:6      | Reached skill level 6 in Spellcasting
  6943 | D:6      | Noticed Menkaure
  7004 | D:7      | Found Yrugo's Antique Weapon Boutique.
  7070 | D:7      | Reached ** piety under Kikubaaqudgha
  7293 | D:7      | Found an iron altar of Okawaru.
  7305 | D:7      | Reached skill level 7 in Spellcasting
  7305 | D:7      | Reached skill level 1 in Fire Magic
  7734 | D:7      | Gained mutation: You are slightly more attuned to the
                  | shadows. [demonic ancestry]
  7734 | D:7      | Reached XP level 9. HP: 57/57 MP: 1/19
  8056 | D:7      | Found a blossoming altar of Fedhas.
  8250 | D:7      | Noticed a cyclops
  8254 | D:7      | Killed a cyclops
  8254 | D:7      | Reached skill level 1 in Conjurations
  8646 | D:7      | Reached skill level 8 in Spellcasting
  8784 | D:8      | Found a basalt altar of Yredelemnul.
  8879 | D:8      | Found an ancient bone altar of Kikubaaqudgha.
  8879 | D:8      | Noticed a centaur warrior
  8881 | D:8      | Noticed a troll
  8883 | D:8      | Noticed a white ugly thing
  8891 | D:8      | Found a transporter.
  8901 | D:8      | Found a transporter.
  8987 | D:8      | Reached skill level 1 in Necromancy
  9123 | D:8      | Found a flagged portal.
  9137 | Bailey   | Entered a bailey
  9291 | Bailey   | Reached *** piety under Kikubaaqudgha
  9291 | Bailey   | Identified Kikubaaqudgha's Incunabulum of Stolen Souls
                  | (Kikubaaqudgha gifted it to you in a bailey)
  9291 | Bailey   | Received a gift from Kikubaaqudgha
  9341 | Bailey   | Learned a level 4 spell: Animate Dead
  9461 | Bailey   | Reached skill level 9 in Spellcasting
  9463 | Bailey   | Noticed an orc knight
  9464 | Bailey   | Noticed an orc knight
  9603 | Bailey   | Killed an orc knight
  9603 | Bailey   | Reached XP level 10. HP: 64/64 MP: 3/23
  9740 | Bailey   | Noticed an orc knight
  9742 | Bailey   | Killed an orc knight
 10003 | D:8      | Learned a level 4 spell: Dispel Undead
 10218 | D:8      | Found a shattered altar of Ashenzari.
 10468 | D:6      | Killed Menkaure
 10964 | D:6      | Reached **** piety under Kikubaaqudgha
 11354 | D:9      | Reached skill level 10 in Spellcasting
 11445 | D:9      | Found a sacrificial altar of Ru.
 11619 | D:9      | Found Ylorisy's Magic Scroll Shop.
 11996 | D:9      | Noticed a two-headed ogre
 12002 | D:9      | Killed a two-headed ogre
 12609 | D:9      | Noticed a guardian serpent
 12646 | D:10     | Entered Level 10 of the Dungeon
 12648 | D:10     | Found a bloodstained altar of Trog.
 12826 | D:10     | Identified 2 scrolls of acquirement
 12830 | D:10     | Got the +1 pair of boots of Objectivity {Harm}
 12837 | D:10     | Got the +0 pair of gloves "Lasm" {Str+6}
 13018 | D:10     | Found a staircase to the Orcish Mines.
 13056 | D:10     | Reached XP level 11. HP: 66/70 MP: 20/25
 13086 | D:10     | Found Muassol's Distillery.
 13144 | D:10     | Reached skill level 11 in Spellcasting
 13267 | D:10     | Noticed a two-headed ogre
 13273 | D:10     | Killed a two-headed ogre
 13546 | Orc:1    | Entered Level 1 of the Orcish Mines
 13839 | D:11     | Noticed Grum
 13845 | D:11     | Reached ***** piety under Kikubaaqudgha
 13850 | D:11     | Killed Grum
 14159 | D:11     | Noticed Josephine
 14165 | D:11     | Reached skill level 5 in Necromancy
 14248 | D:12     | Noticed a red ugly thing
 14283 | D:12     | Killed an unseen horror
 14402 | D:12     | Killed an unseen horror
 14442 | D:12     | Noticed Snorg
 14456 | D:12     | Killed Snorg
 14568 | D:12     | Reached skill level 12 in Spellcasting
 14637 | D:12     | Killed an unseen horror
 14891 | D:12     | Found a shimmering altar of Xom.
 14893 | D:12     | Found a glowing golden altar of the Shining One.
 14893 | D:12     | Found a radiant altar of Vehumet.
 14896 | D:12     | Found a sparkling altar of Nemelex Xobeh.
 14896 | D:12     | Found an ancient bone altar of Kikubaaqudgha.
 14896 | D:12     | Found a radiant altar of Vehumet.
 15136 | D:12     | Killed an unseen horror
 15155 | D:12     | Killed a red ugly thing
 15751 | D:11     | Reached skill level 5 in Transmutations
 15751 | D:11     | Reached XP level 12. HP: 73/76 MP: 19/28
 15839 | D:11     | Found a staircase to the Lair.
 15943 | D:11     | Killed Josephine
 16744 | D:9      | Bought a scroll of acquirement for 780 gold pieces
 16749 | D:9      | Got the ring of Ozegat {MR+ Str+6}
 17145 | Orc:1    | Reached skill level 13 in Spellcasting
 17337 | Orc:1    | Noticed an ettin
 17343 | Orc:1    | Killed an ettin
 17767 | Orc:1    | Found a shimmering altar of Xom.
 18027 | Orc:2    | Entered Level 2 of the Orcish Mines
 18047 | Orc:2    | Found a roughly hewn altar of Beogh.
 18052 | Orc:2    | Reached skill level 10 in Poison Magic
 18085 | Orc:2    | Noticed a two-headed ogre
 18091 | Orc:2    | Killed a two-headed ogre
 18176 | Orc:2    | Noticed a two-headed ogre
 18186 | Orc:2    | Killed a two-headed ogre
 18410 | Orc:2    | Reached ****** piety under Kikubaaqudgha
 18423 | Orc:2    | Received a gift from Kikubaaqudgha
 18576 | Orc:2    | Noticed a two-headed ogre
 18580 | Orc:2    | Killed a two-headed ogre
 18580 | Orc:2    | Gained mutation: You are completely covered in sharp
                  | spines. [demonic ancestry]
 18580 | Orc:2    | Reached XP level 13. HP: 81/81 MP: 20/30
 18657 | Orc:2    | Reached skill level 14 in Spellcasting
 19065 | Orc:2    | Found a staircase to the Elven Halls.
 19065 | Orc:2    | Found Ostrucveo's General Store.
 19533 | Orc:2    | Found Sualyosch's Distillery.
 19536 | Orc:2    | Found Ycuocoj's Distillery.
 19540 | Orc:2    | Found Etaizxim's General Store.
 19544 | Orc:2    | Found Komig's Jewellery Boutique.
 20072 | Lair:1   | Entered Level 1 of the Lair of Beasts
 20097 | Lair:1   | Learned a level 3 spell: Stone Arrow
 20185 | Lair:1   | Got a pitted great mace
 20334 | Lair:1   | Found a dark tunnel.
 20344 | Volcano  | Entered a volcano
 20345 | Volcano  | Identified the +1 great mace of Division {vamp, rC+ rN+
                  | Dex-4} (You found it on level 1 of the Lair of Beasts)
 20789 | Volcano  | HP: 3/81 [salamander/arrow (13)]
 20789 | Volcano  | HP: 1/81 [salamander/arrow (2)]
 21581 | Lair:2   | Reached skill level 1 in Shields
 21772 | Lair:2   | Found a staircase to the Swamp.
 22065 | Lair:2   | Found a staircase to the Snake Pit.
 22304 | Lair:3   | Noticed Rupert
 22310 | Lair:3   | Killed Rupert
 22310 | Lair:3   | Gained mutation: You have a pair of horns on your head.
                  | [demonic ancestry]
 22310 | Lair:3   | Reached XP level 14. HP: 88/88 MP: 14/32
 22386 | Lair:3   | Noticed Fannar
 22415 | Lair:3   | Killed Fannar
 23123 | Lair:3   | Reached skill level 15 in Spellcasting
 23977 | Lair:4   | Reached skill level 10 in Necromancy
 24086 | Lair:4   | Reached skill level 5 in Fire Magic
 25032 | Lair:5   | Paralysed by a floating eye for 3 turns
 25235 | Lair:5   | Found a staircase to the Slime Pits.
 25784 | Lair:6   | Entered Level 6 of the Lair of Beasts
 26210 | Lair:6   | Found a burning altar of Makhleb.
 26972 | Lair:6   | Found a runed translucent door.
 27931 | D:12     | Gained mutation: You are significantly more attuned to the
                  | shadows. [demonic ancestry]
 27931 | D:12     | Reached XP level 15. HP: 93/93 MP: 27/34
 27985 | D:12     | Reached skill level 1 in Earth Magic
 28242 | D:13     | Found a corrupted altar of Lugonu.
 28743 | D:13     | Found a gate to the Vaults.
 29281 | D:13     | Reached skill level 16 in Spellcasting
 29667 | D:13     | Got a pair of slimy gloves
 29678 | D:13     | Identified the +2 pair of gloves of Cocytus {*Corrode Int+8
                  | Dex+2} (You found it on level 13 of the Dungeon)
 32125 | D:15     | Entered Level 15 of the Dungeon
 32156 | D:15     | Found a frozen archway.
 32164 | IceCv    | Entered an ice cave
 32863 | IceCv    | Reached skill level 1 in Armour
 33171 | D:15     | Found Qokots's Jewellery Shop.
 33666 | D:15     | Reached XP level 16. HP: 99/99 MP: 28/36
 34561 | D:15     | Found a staircase to the Depths.
 34724 | Swamp:1  | Entered Level 1 of the Swamp
 34727 | Swamp:1  | Noticed Jorgrun
 34732 | Swamp:1  | Killed Jorgrun
 35225 | Swamp:1  | Found a hazy altar of Hepliaklqana.
 35339 | Swamp:1  | Noticed a thorn hunter
 35344 | Swamp:1  | Killed a thorn hunter
 36220 | Swamp:2  | Noticed a thorn hunter
 36307 | Swamp:2  | Killed a thorn hunter
 36307 | Swamp:2  | Reached skill level 17 in Spellcasting
 37073 | Swamp:2  | You fall into a shaft and drop 1 floor!
 39218 | Swamp:3  | Learned a level 7 spell: Haunt
 39258 | Swamp:4  | Entered Level 4 of the Swamp
 39258 | Swamp:4  | Noticed a thorn hunter
 39266 | Swamp:4  | Killed from afar by a thorn hunter

Illustrated notes

Levels and vault maps discovered:
D:1:      zaba_arrival_water, layout_basic, minmay_tromino_v7
D:2:      minmay_thinvault, layout_rooms, nemelex_xobeh_ov_fountains_minmay
D:3:      layout_loops_ring, grunt_temple_overflow_forces_of_nature,
          first_ration, uniq_terence
D:4:      layout_basic, kennysheep_ying_yang, lemuel_doored_altar,
          lemuel_round_altar, tgw_kikubaaqudgha
D:5:      layout_basic, gammafunk_temple_overflow_elements,
          minmay_temple_entry_stoned_glass, basic_altar, st_stairs_1
D:6:      layout_basic, chequers_garden, uniq_menkaure
D:7:      layout_loops_ring, okawaru_ov_weapons_minmay, serial_shops,
          nicolae_shop_crystal, the_bakery, fedhas_altar_1
D:8:      minmay_skewed_foursquare, layout_basic,
          gammafunk_temple_overflow_arena, enter_bailey_3, basic_altar,
          yredelemnul_altar_generic
D:9:      layout_basic, nicolae_ru_path_of_blood, serial_shops, shop,
          hangedman_decor_clover_reticule, nrook_guardian_serpent_double
D:10:     layout_roguey, orc_david_3, serial_shops, shop, trog_ov_bears_minmay
D:11:     layout_loops_ring, david_lair_generic, kennysheep_pointless_box,
          uniq_josephine, uniq_grum
D:12:     layout_roguey, serial_glass, glass_columns_b, glass_columns_b,
          minmay_misc_feat_room, doesnt_xom_only_xom, uniq_snorg
D:13:     kennysheep_kobold_lugonu_temple, layout_gridville,
          lightli_vaults_fourway_checkpoint, minmay_hollow_rounded_squares
D:14:     layout_cave_pools, minivault_25
D:15:     hangedman_depths_entry_try_elsewhere_first, layout_basic,
          minmay_misc_feat_cross, gauntlet_entry_generic, serial_shops,
          nicolae_shop_window_shopping, portal_ice_cave_entry_pillars_1,
          evilmike_minifort
Temple:   eino_wide_crystal_templ
Lair:1:   layout_hall_layers, nicolae_volcano_entry_vermiform
Lair:2:   wander_river, layout_small_grid, minmay_swamp_entry_worms,
          minmay_snake_entry_spellcaster, minivault_25
Lair:3:   layout_long_grid, uniq_fannar, uniq_rupert
Lair:4:   layout_regular_city, chequers_serial_rivers_small_3,
          infiniplex_staircase_pool_2
Lair:5:   layout_big_grid, minmay_slime_entry_jelly_boxes, disabler_island,
          grunt_megastairs_3
Lair:6:   hangedman_lair_caniforms_friends, layout_long_grid, wormcave,
          basic_altar
Swamp:1:  layout_falls_marsh, lemuel_altar_in_water, swamp_pool4,
          hangedman_swamp_lotus, uniq_jorgrun
Swamp:2:  layout_falls_marsh, evilmike_swamp_ruin_house_3
Swamp:3:  layout_basic_swamp, hangedman_swamp_blocks, swamp_pool5,
          infiniplex_staircase_pool
Swamp:4:  swamp_basic_johnstein, layout_basic_swamp
Orc:1:    layout_diamond_mine, basic_altar
Orc:2:    st_orc_open, layout_caves, serial_shops, shop, basic_altar

Skill      XL: |  1  2  3  4  5  6  7  8  9 10 11 12 13 14 15 16 |
---------------+-------------------------------------------------+-----
Transmutations | 1 2 3 4 5 6 7 |  7.9
Stealth        | 2 3 |  3.7
Air Magic      | 1 2 3 4 |  4.2
Dodging        | 2 3 4 |  4.2
Spellcasting   | 3 4 5 7 9 10 12 13 14 15 16 17 | 17.2
Poison Magic   | 4 5 6 7 8 9 10 11 12 13 | 13.8
Fighting       | 1 2 |  2.0
Short Blades   | 1 |  1.0
Fire Magic     | 1 2 3 4 5 6 |  6.9
Conjurations   | 1 2 3 4 |  4.5
Necromancy     | 3 4 6 7 9 11 12 13 | 13.4
Shields        | 1 2 |  2.3
Earth Magic    | 1 |  1.8
Armour         | 1 2 |  2.5
Staves         | |  0.3
Evocations     | |  0.3

Action                   |  1- 3 |  4- 6 |  7- 9 | 10-12 | 13-15 | 16-18 || total
-------------------------+-------+-------+-------+-------+-------+-------++-------
Melee: Short sword       |       |    21 |    12 |       |       |       ||    33
       Headbutt          |       |       |     1 |       |     4 |       ||     5
       Staff             |       |       |       |     6 |     7 |     2 ||    15
Throw: Dart              |       |       |       |     1 |       |       ||     1
 Cast: Sting             |    32 |    57 |    40 |    33 |    16 |     1 ||   179
       Poisonous Vapours |    17 |    26 |     5 |    28 |    30 |     2 ||   108
       Ignite Poison     |       |     8 |    40 |   122 |   267 |    81 ||   518
       Mephitic Cloud    |       |     3 |    14 |    38 |    67 |    30 ||   152
       Olgreb's Toxic Ra |       |       |    29 |    84 |   166 |    36 ||   315
       Animate Skeleton  |       |       |     5 |     9 |    27 |     5 ||    46
       Animate Dead      |       |       |     3 |     9 |    38 |    15 ||    65
       Dispel Undead     |       |       |       |    36 |    28 |    22 ||    86
       Stone Arrow       |       |       |       |       |    72 |    34 ||   106
Invok: Receive Necronomi |       |       |       |     1 |       |       ||     1
       Receive Corpses   |       |       |       |       |     1 |       ||     1
       Torment           |       |       |       |       |     1 |       ||     1
Evoke: Wand              |       |       |     8 |       |       |     1 ||     9
  Use: Potion            |     2 |       |       |       |       |       ||     2
       Scroll            |       |       |       |    15 |     8 |     4 ||    27
 Stab: Sleeping          |       |       |     2 |       |       |     1 ||     3
       Confused          |       |       |     2 |       |       |       ||     2
  Eat: Chunk             |     3 |    14 |    17 |    21 |    29 |     4 ||    88
       Ration            |       |       |       |     3 |     5 |     4 ||    12
Armor: Robe              |    10 |     4 |    16 |    29 |    18 |       ||    77
       Ring mail         |       |       |       |       |    10 |       ||    10
       Scale mail        |       |       |       |       |     8 |    31 ||    39
Dodge: Dodged            |    25 |    40 |    39 |    74 |    86 |    31 ||   295
Block: Kite shield       |       |       |       |    17 |    85 |    46 ||   148
